 Dungeon Crawl Stone Soup version 0.30-a0-937-ga0a21ad780 (webtiles) character file.

Game seed: 16872989544443321029

55 12sPaWn12 the Covered (level 4, 0/40 HPs)
             Began as a Meteoran Fighter on Mar 24, 2023.
             Constricted to death by Sigmund (2 damage)
             ... on level 2 of the Dungeon.
             The game lasted 00:02:21 (714 turns).

12sPaWn12 the Covered (Meteoran Fighter)             Turns: 714, Time: 00:02:22

Health: 0/40       AC:  7    Str: 19    XL:     4   Next: 36%
Magic:  5/5        EV:  6    Int: 10    God:
Gold:   42         SH:  5    Dex: 13    Spells: 3/3 levels left

rFire   . . .      SeeInvis .    a - +0 flail
rCold   . . .      Faith    .    c - +0 buckler
rNeg    . . .      Spirit   .    b - +0 scale mail
rPois   .          Reflect  .    (no helmet)
rElec   .          Rampage  .    (no cloak)
rCorr   .                        (no gloves)
Will    .....                    (no boots) Stlth
                                 (no amulet)
HPRegen 0.26/turn                (no ring)
MPRegen 0.09/turn                (no ring)

@: grasped by roots, glowing, constricted
A: sense surroundings 1, otherworldly, glowing, explore regen
a: no special abilities


You were on level 2 of the Dungeon.
You visited 1 branch of the dungeon, and saw 2 of its levels.

You collected 42 gold pieces.

Inventory:

Hand Weapons
 a - a +0 flail (weapon)
Armour
 b - a +0 scale mail (worn)
 c - a +0 buckler (worn)
Wands
 n - a wand of flame (16)
Scrolls
 g - a scroll of fear {unknown}
 j - 2 scrolls of immolation {unknown}
 k - 2 scrolls of identify {unknown}
 l - a scroll of fog {unknown}
Potions
 d - 3 potions of might
 e - a potion of lignification {unknown}
 f - a potion of brilliance {unknown}
 h - a potion of attraction {unknown}
 i - a potion of magic {unknown}
 m - a potion of flight {unknown}


   Skills:
 * Level 3.7 Fighting
 * Level 3.8 Maces & Flails
 * Level 4.1 Armour
 * Level 1.1 Dodging
 * Level 4.0 Shields


You had 3 spell levels left.
You didn't know any spells.
Your spell library was empty.

Dungeon Overview and Level Annotations

Branches:
Dungeon (2/15) Zot: 460

Altars:

Shops:
D:1 (

Annotations:
D:2 Sigmund


Innate Abilities, Weirdness & Mutations

You passively map a small area around you.
You are easily found by Zot.
You glow in the dark.
You regain HP and MP as you explore.


Message History

No target in view!
No target in view!
No target in view!
No target in view!
No target in view!
No target in view!
No target in view!
No target in view!
No target in view!
No target in view!
Unknown command.
You closely miss something.
You hear some strange, mumbled words.
You are confused.
You are constricted.
Something hits you but does no damage.
You are constricted.
The grasping roots release their grip on you.
You hear a zap.
The roots erupt in riotous growth!
The grasping roots grab you!
You are constricted.
You escape the roots grasp.
You're too confused to move!
You bump into the rock wall.
You hear a zap.
The roots erupt in riotous growth!
The grasping roots grab you!
You are constricted.
You bump into the rock wall.
You feel less confused. Something hits you!
* * * LOW HITPOINT WARNING * * *
You are constricted.
* * * LOW HITPOINT WARNING * * *
You escape the roots grasp.
You hear a zap.
The roots erupt in riotous growth!
The grasping roots grab you!
You are constricted.
You die...

.#####.##### .. , .#
#......# *... .# #....#.##
##... .#
##......##########..... , _,
.# ###.#................. ,
.##### #.##.###............
.....# #.##.....#..........
.....###.###..###..........
................@{.).....##
......###.###.###.....[!<# *
......#*#. ##.#†.........# ,
#####..#*.##.............# *
#.....................
######.................## *
###.......#.##..#..#.#####*,
* ....#.#####.##......... ,
......# #.....###.####


There were no monsters in sight!

Vanquished Creatures
  2 adders (D:2)
  3 dart slugs (D:1)
  A bat (D:1)
  An endoplasm (D:1)
  3 giant cockroaches
  A goblin (D:1)
  4 hobgoblins
  A quokka (D:1)
  5 ball pythons
  A frilled lizard (D:1)
  6 kobolds
  A rat (D:1)
29 creatures vanquished.

Notes
Turn   | Place    | Note
-------+----------+-------------------------------------------
     0 | D:1      | 12sPaWn12 the Meteoran Fighter began the quest for the Orb.
     0 | D:1      | Reached XP level 1. HP: 19/19 MP: 2/2
    93 | D:1      | Reached XP level 2. HP: 26/26 MP: 3/3
   327 | D:1      | Reached XP level 3. HP: 31/31 MP: 4/4
   374 | D:1      | Found Umicvapt's Weapon Emporium.
   488 | D:1      | Glimpsed the power of Zot.
   536 | D:1      | Glimpsed the power of Zot.
   582 | D:2      | Reached skill level 1 in Dodging
   582 | D:2      | Reached XP level 4. HP: 34/40 MP: 5/5
   679 | D:2      | Noticed Sigmund
   712 | D:2      | HP: 2/40 [something (5)]
   714 | D:2      | Constricted to death by Sigmund

Illustrated notes

Levels and vault maps discovered:
D:1:      dpeg_arrival_central, layout_basic, serial_shops,
          nicolae_shop_hallway_stairs, minmay_pentomino_v4
D:2:      layout_rooms, basic_altar, uniq_sigmund, uniq_crazy_yiuf_cottage

Skill      XL: |  1  2  3 |
---------------+----------+-----
Armour         | 4 |  4.1
Maces & Flails | 3 |  3.8
Shields        | 4 |  4.0
Dodging        | 1 |  1.1
Fighting       | |  3.7

Action                     |  1- 3 |  4- 6 || total
---------------------------+-------+-------++-------
  Melee: Flail             |    65 |    25 ||    90
 Armour: Scale mail        |    30 |    11 ||    41
  Dodge: Dodged            |    16 |     6 ||    22
  Block: Buckler           |    16 |     7 ||    23

Table legend: (Time is in decaauts)
 A = Elapsed time spent in this place.
 B = Non-inter-level travel time spent in this place.
 C = Inter-level travel time spent in this place.
 D = Time resting spent in this place.
 E = Time spent auto-exploring this place.
 F = Levels seen in this place.
 G = Mean time per level.
                   A        B        C        D        E       F      G
               +--------+--------+--------+--------+--------+-----+--------+
         Total |    738 |    728 |     10 |      0 |    527 |   2 |  369.0 |
       Dungeon |    738 |    728 |     10 |      0 |    527 |   2 |  369.0 |
               +--------+--------+--------+--------+--------+-----+--------+

Top non-repeatable levels by time:
     D:1: 561 daAuts
     D:2: 177 daAuts
